Construct Section Command Post
Selects Australian Defense Battlegroup
Selects Australian Light Infantry Section
Australian Light Infantry Section
Australian Light Infantry Section
Australian Light Infantry Section
Construct Platoon Command Post
Selects CMP 15cwt Supply Run
Selects Reinforced Resource Caches
Unlock M3 Stuart Light Tanks
Selects Defensive Tactics
Construct Field Infirmary
Selects Charged Creeping Barrage
Construct Company Command Post
Australian Light Infantry Section
Unlock Towed 17-pounder Anti-tank Guns
17-pounder Anti-tank Gun Team